 Dungeon Crawl Stone Soup version 0.22-a0-402-ga933591 (webtiles) character file.

480 Borgoz the Sneak (level 7, 0/43 HPs)
             Began as a Kobold Assassin on May 6, 2018.
             Slain by a worker ant (3 damage)
             ... while paralysed by Grinder
             ... on level 4 of the Dungeon.
             The game lasted 00:07:05 (4401 turns).

Borgoz the Sneak (Kobold Assassin)                  Turns: 4401, Time: 00:07:06

Health: 0/43       AC:  3    Str:  9    XL:     7   Next: 34%
Magic:  7/7        EV:  3    Int: 13    God:
Gold:   228        SH:  0    Dex: 22    Spells: 6/6 levels left

rFire    . . .     SeeInvis .   a - +2 dagger (protect)
rCold    . . .     Gourm    .   (shield restricted)
rNeg     . . .     Faith    .   c - +0 robe
rPois    .         Spirit   .   (no helmet)
rElec    .         Reflect  .   d - +0 cloak
rCorr    .         Harm     .   (no gloves)
MR       .....                  (no boots)
Stlth    +++++.....             (no amulet)
HPRegen  0.14/turn              l - +3 ring of evasion
MPRegen  0.10/turn              (no ring)

@: paralysed, agile, lethally poisoned (0 -> -7)
A: small, carnivore
a: no special abilities


You were on level 4 of the Dungeon.
You were very full.

You visited 1 branch of the dungeon, and saw 4 of its levels.

You collected 228 gold pieces.

Inventory:

Hand Weapons
 a - a +2 dagger of protection (weapon)
 b - a +0 blowgun
Missiles
 e - 6 poisoned needles
 f - 2 curare-tipped needles
Armour
 c - a +0 robe (worn)
 d - a +0 cloak (worn)
Jewellery
 l - a +3 ring of evasion (left hand)
Wands
 o - a wand of flame (22)
Scrolls
 i - 3 scrolls of enchant armour {unknown}
 j - 3 scrolls of enchant weapon {unknown}
 m - 2 scrolls of teleportation {unknown}
 p - a scroll of magic mapping {unknown}
Potions
 h - a potion of agility
 k - 2 potions of curing
 q - a potion of invisibility {unknown}
 r - a potion of magic {unknown}
 s - a potion of mutation {unknown}
Comestibles
 g - 5 rations


   Skills:
 + Level 4.1 Fighting
 + Level 4.9 Short Blades
 - Level 2.1 Throwing
 + Level 2.3 Armour
 + Level 3.7 Dodging
 + Level 7.2 Stealth


You had 6 spell levels left.
You didn't know any spells.

Dungeon Overview and Level Annotations

Branches:
Dungeon (4/15)
 Temple: D:4-7

Altars:
Makhleb
Uskayaw
Wu Jian
The Shining One

Annotations:
D:4 Grinder


Innate Abilities, Weirdness & Mutations

You are small and have problems with some larger weapons.
You are carnivorous and can eat meat at any time.


Message History

Grinder blinks!
You barely miss the worker ant.
The worker ant is heavily wounded.
The worker ant completely misses you. Grinder gestures at you.
You suddenly lose the ability to move!
The worker ant bites you but does no damage.
Grinder hits you but does no damage.
The worker ant bites you but does no damage.
Grinder hits you.
You writhe in agony.
The worker ant bites you.
* * * LOW HITPOINT WARNING * * *
You are poisoned.
The worker ant poisons you!
You feel sick.
The worker ant bites you but does no damage.
Grinder hits you.
* * * LOW HITPOINT WARNING * * *
* * * LOW HITPOINT WARNING * * *
You feel sick. The worker ant bites you.
You die...

#### ##'## ######.# ...#
##...## #......# ##.#
##.....## #.###### .#.#
##.......# #.#.##
...###.........###....##
.....'.........+.......#
######.........###....##
.........####.#.##
#.##.....##5@al...####
.. ##...###.##.......#
.## #+## #. #....##.# #.
#ยง##.##.# #. #$......#
#. ####.#### #. .# .. .#
##


You could see Grinder, a worker ant and a leopard gecko.

Vanquished Creatures
  2 big kobolds (D:3)
  A scorpion (D:4)
  2 hounds (D:4)
  2 worker ants (D:4)
  Natasha (D:2)
  3 gnolls (D:3)
  3 adders (D:2)
  A worm (D:2)
  2 leopard geckos
  4 orcs
  2 ball pythons
  3 bats
  A giant cockroach (D:1)
  12 hobgoblins
  3 frilled lizards
  4 goblins
  47 kobolds
  9 rats
102 creatures vanquished.

Notes
Turn   | Place    | Note
-------+----------+-------------------------------------------
     0 | D:1      | Borgoz the Kobold Assassin began the quest for the Orb.
     0 | D:1      | Reached XP level 1. HP: 12/12 MP: 1/1
   384 | D:1      | Reached XP level 2. HP: 15/17 MP: 2/2
  1231 | D:2      | Reached XP level 3. HP: 22/22 MP: 3/3
  1299 | D:2      | Reached skill level 6 in Stealth
  1463 | D:2      | Found a glowing golden altar of the Shining One.
  1610 | D:2      | Reached XP level 4. HP: 27/27 MP: 4/4
  1613 | D:2      | Noticed Natasha
  1616 | D:2      | Killed Natasha
  1616 | D:2      | Reached skill level 1 in Armour
  1923 | D:3      | Found a burning altar of Makhleb.
  2046 | D:3      | Reached XP level 5. HP: 32/32 MP: 5/5
  2383 | D:3      | Found an ornate altar of the Wu Jian Council.
  2624 | D:3      | Noticed a big kobold
  2630 | D:3      | Noticed a big kobold
  2988 | D:3      | Killed a big kobold
  2988 | D:3      | Reached XP level 6. HP: 12/37 MP: 6/6
  3723 | D:4      | Found a burning altar of Makhleb.
  3757 | D:4      | Reached skill level 7 in Stealth
  3794 | D:4      | Reached XP level 7. HP: 23/42 MP: 7/7
  4140 | D:4      | Noticed a hand axe
  4141 | D:4      | Noticed a dagger
  4144 | D:4      | Found a hide-covered altar of Uskayaw.
  4357 | D:4      | Noticed Grinder
  4397 | D:4      | Paralysed by Grinder for 7 turns
  4401 | D:4      | Slain by a worker ant

Vault maps used:
D:1:      dpeg_arrival_rooms_b, minmay_misc_feat_nine_boxes, minmay_door_square
D:2:      tso_altar, first_ration, amethyst_killhole, uniq_natasha
D:3:      minmay_goblin_kobold_castle, lemuel_coloured_pillars_altar,
          nicolae_overflow_crystal_walls
D:4:      marbit_many_paths, dancing_weapons_uskayaw, makhleb_heckhound_becter,
          uniq_grinder

Skill      XL: |  1  2  3  4  5  6  7 |
---------------+----------------------+-----
Short Blades   | 3 4 |  4.9
Stealth        | 6 7 |  7.2
Armour         | 1 2 |  2.3
Dodging        | 2 3 |  3.7
Fighting       | 3 4 |  4.1
Throwing       | |  2.1

Action                   |  1- 3 |  4- 6 |  7- 9 || total
-------------------------+-------+-------+-------++-------
Melee: Dagger            |    98 |   350 |    67 ||   515
 Fire: Blowgun           |       |     7 |       ||     7
  Use: Scroll            |     1 |     1 |       ||     2
       Potion            |       |       |     2 ||     2
 Stab: Sleeping          |     4 |     6 |     2 ||    12
  Eat: Chunk             |    10 |     6 |     2 ||    18
Armor: Robe              |     7 |    56 |    14 ||    77
Dodge: Dodged            |    57 |   270 |    39 ||   366

Table legend:
 A = Spawn XP
 B = Non-spawn XP
 C = Spawn XP percentage of total XP
 D = Spawn monster count
 E = Non-spawn monster count
 F = Spawn count percentage of total count
 G = Total turns spent on level
                    A         B        C        D         E        F      G
               +---------+---------+-------+---------+---------+-------+---------
         Total |       0 |     687 |   0.0 |       0 |     102 |   0.0 |  4401
               +---------+---------+-------+---------+---------+-------+---------
           D:1 |       0 |      26 |   0.0 |       0 |      17 |   0.0 |  1193
           D:2 |       0 |     101 |   0.0 |       0 |      18 |   0.0 |   699
           D:3 |       0 |     332 |   0.0 |       0 |      60 |   0.0 |  1763
           D:4 |       0 |     228 |   0.0 |       0 |       7 |   0.0 |   746
               +---------+---------+-------+---------+---------+-------+---------
